 Dungeon Crawl Stone Soup version 0.29-a0-1033-gb6c65ffae6 (webtiles) character file.

Game seed: 5904105617125245448

26 Snarg the Sneak (level 2, 11/14 HPs)
             Began as a Spriggan Conjurer on Aug 14, 2022.
             Was a Follower of Kikubaaqudgha.
             Quit the game on level 1 of the Dungeon on Aug 15, 2022.
             The game lasted 00:05:31 (770 turns).

Snarg the Sneak (Spriggan Conjurer)                  Turns: 770, Time: 00:05:31

Health: 11/14      AC:  2    Str:  3    XL:     2   Next: 89%
Magic:  1/6        EV: 17    Int: 19    God:    Kikubaaqudgha [*.....]
Gold:   55         SH:  0    Dex: 13    Spells: 4/6 levels left

rFire   . . .      SeeInvis +   a - +0 dagger
rCold   . . .      Faith    .   (no shield)
rNeg    . . .      Spirit   .   d - +0 robe
rPois   .          Reflect  .   (helmet restricted)
rElec   .          Harm     .   (no cloak)
rCorr   .          Rampage  .   (gloves unavailable)
Will    .....                   (boots unavailable)
Stlth   ++........              (no amulet)
HPRegen 0.04/turn               (no ring)
MPRegen 0.10/turn               (no ring)

@: very quick
A: very small, no large weapons, unfitting armour, see invisible, speed 3
a: Renounce Religion, Unearth Wretches


You were on level 1 of the Dungeon.
You worshipped Kikubaaqudgha.
Kikubaaqudgha was aware of your devotion.
You visited 1 branch of the dungeon, and saw 1 of its levels.

You collected 55 gold pieces.

Inventory:

Hand Weapons
 a - a +0 dagger (weapon)
 e - a +0 short sword
Missiles
 f - 10 stones
Armour
 d - a +0 robe (worn)
Magical Staves
 c - a staff of death
Scrolls
 g - a scroll of noise {unknown}
Potions
 b - a potion of magic


   Skills:
 * Level 0.8 Fighting
 + Level 2.7 Dodging
 + Level 3.5 Stealth
 + Level 2.8 Spellcasting
 + Level 3.3 Conjurations


You had 4 spell levels left.
You knew the following spells:

 Your Spells              Type           Power      Damage    Failure   Level
a - Magic Dart            Conj           60%        1d6       4%          1
b - Necrotise             Necr           8%         1d4       16%         1

Your spell library contained the following spells:

 Spells                   Type           Power      Damage    Failure   Level
 Searing Ray              Conj           30%        2d5       6%          2
 Dazzling Flash           Conj/Hex       18%        N/A       24%         3
 Vampiric Draining        Necr           2%         2d6       43%         3
 Fulminant Prism          Conj/Hex       4%         3d6       61%         4
 Iskenderun's Mystic Bla  Conj/Tloc      9%         2d4       61%         4
 Anguish                  Hex/Necr       1%         N/A       83%         4
 Animate Dead             Necr           2%         N/A       83%         4


Dungeon Overview and Level Annotations

Branches:
Dungeon (1/15)

Altars:
Kikubaaqudgha


Innate Abilities, Weirdness & Mutations

You are very small and have problems with some larger weapons.
You are too small for most types of armour.
You have supernaturally acute eyesight. (SInv)
You cover ground extremely quickly. (Speed+++)


Message History

Aim: a quokka (chance to affect: 58%)
Okay, then.
Unknown command.
The magic dart hits the quokka.
The quokka is heavily wounded.
Your quokka skeleton barely misses the ball python.
Your magical contamination has completely faded away.
Casting: Magic Dart (safe; 4% risk of failure)
Confirm with . or Enter, or press ? or * to list all spells.
Aiming: Necrotise (safe; 16% risk of failure)
Press: ? - help, Shift-Dir - straight line, f/p - quokka
Aim: a quokka (heavily wounded, chance to affect: 58%)
The quokka writhes in agony.
The quokka barely misses you.
You closely miss the quokka.
The quokka is almost dead.
The quokka completely misses you.
You hit the quokka but do no damage.
The quokka is almost dead.
The quokka bites you.
You hit the quokka but do no damage.
The quokka is almost dead.
The quokka barely misses you.
Casting: Necrotise (safe; 16% risk of failure)
Confirm with . or Enter, or press ? or * to list all spells.
Aiming: Necrotise (safe; 16% risk of failure)
Press: ? - help, Shift-Dir - straight line, f/p - quokka
Aim: a quokka (almost dead, chance to affect: 58%)
You miscast Necrotise.
You are very lightly contaminated with residual magic.
Nothing appears to happen.
Your quokka skeleton crumbles into dust!
Casting: Necrotise (safe; 16% risk of failure)
Confirm with . or Enter, or press ? or * to list all spells.
Aiming: Necrotise (safe; 16% risk of failure)
Press: ? - help, Shift-Dir - straight line, f/p - quokka
Aim: a quokka (almost dead, chance to affect: 58%)
You miscast Necrotise.
Nothing appears to happen.
You miscast Magic Dart.
Nothing appears to happen.
Your magical contamination has completely faded away.
Are you sure you want to abandon this character and quit the game? (Confirm with "yes".)

####### #.....# #.....# ##.....#
###......† #...#.###. ##########
#.###.# #.
.........###############.###.###.
........r.......@................
.........###############.###.###.
...#.##### #.# #.# #. ####.#
#.###.# #. #.# #.##..###. # ##.#
#.##.##... # #..# # #####.......
###..###############⌠#⌠#⌠#.......
.##)..)..............._..........


There were no monsters in sight!

Vanquished Creatures
  A dart slug (D:1)
  An endoplasm (D:1)
  A giant cockroach (D:1)
  2 goblins (D:1)
  2 hobgoblins (D:1)
  2 quokkas (D:1)
  2 ball pythons (D:1)
  2 bats (D:1)
  6 frilled lizards (D:1)
  3 kobolds (D:1)
  3 rats (D:1)
25 creatures vanquished.

Vanquished Creatures (collateral kills)
  A bat (D:1)
1 creature vanquished.

Grand Total: 26 creatures vanquished

Notes
Turn   | Place    | Note
-------+----------+-------------------------------------------
     0 | D:1      | Snarg the Spriggan Conjurer began the quest for the Orb.
     0 | D:1      | Reached XP level 1. HP: 9/9 MP: 5/5
   234 | D:1      | Reached XP level 2. HP: 14/14 MP: 4/6
   360 | D:1      | Found a faded altar of an unknown god.
   367 | D:1      | Prayed at the altar of an unknown god.
   367 | D:1      | Became a worshipper of Kikubaaqudgha
   367 | D:1      | Reached * piety under Kikubaaqudgha
   367 | D:1      | Received a gift from Kikubaaqudgha
   392 | D:1      | Learned a level 1 spell: Necrotise
   770 | D:1      | Quit the game

Illustrated notes

Levels and vault maps discovered:
D:1:      matt_arrival_diagonals, layout_rooms, ebering_ecumenical_altar_hall,
          minmay_tromino_mix6

Skill      XL: |  1 |
---------------+----+-----
Conjurations   | 3 |  3.3
Fighting       | |  0.8
Dodging        | |  2.7
Stealth        | |  3.5
Spellcasting   | |  2.8

Action                   || total
-------------------------++-------
Melee: Dagger            ||    13
 Cast: Magic Dart        ||    33
       Necrotise         ||    15
Armor: Robe              ||     2
Dodge: Dodged            ||    14

Table legend: (Time is in decaauts)
 A = Elapsed time spent in this place.
 B = Non-inter-level travel time spent in this place.
 C = Inter-level travel time spent in this place.
 D = Time resting spent in this place.
 E = Time spent auto-exploring this place.
 F = Levels seen in this place.
 G = Mean time per level.
                   A        B        C        D        E       F      G
               +--------+--------+--------+--------+--------+-----+--------+
         Total |    644 |    641 |      3 |    168 |    290 |   1 |  644.0 |
       Dungeon |    644 |    641 |      3 |    168 |    290 |   1 |  644.0 |
               +--------+--------+--------+--------+--------+-----+--------+

Top non-repeatable levels by time:
     D:1: 644 daAuts
